 Dungeon Crawl Stone Soup version 0.18-a0-1435-gee79d65 (webtiles) character file.

1969 namelastname112 the Bolt Thrower (level 9, -7/67 HPs)
             Began as a Purple Draconian Hunter on Feb 28, 2016.
             Was a Priest of Okawaru.
             Mangled by a warg (17 damage)
             ... on level 7 of the Dungeon.
             The game lasted 00:08:46 (6442 turns).

namelastname112 the Bolt Thrower (DrHu)             Turns: 6442, Time: 00:08:46

Health: -7/67      AC:  7    Str: 14    XL:     9   Next: 0%
Magic:  8/8        EV: 14    Int:  9    God:    Okawaru [***...]
Gold:   275        SH:  0    Dex: 14    Spells: 0 memorised, 8 levels left

rFire  . . .     SeeInvis +     q - +0 short sword (venom)
rCold  . . .     Gourm    .     (armour unavailable)
rNeg   . . .     Faith    .     (no shield)
rPois  .         Spirit   .     (helmet restricted)
rElec  .         Dismiss  .     (no cloak)
rCorr  +         Reflect  .     (no gloves)
SustAt .         Harm     .     (no boots)
MR     +....     Rnd*Rage +     (no amulet)
Stlth  ++........               B - -2 ring of intelligence (curse)
                                w - ring of resist corrosion (curse)

@: somewhat resistant to hostile enchantments, unstealthy
A: breathe power, unfitting armour, fangs 1, see invisible, berserk 1, clumsy 1,
frail 1, low mp 1, regeneration 1, cold-blooded, MP-powered wands, AC +7
a: Breathe Dispelling Energy, Heroism, Renounce Religion


You were on level 7 of the Dungeon.
You worshipped Okawaru.
Okawaru was most pleased with you.
You were very hungry.

You visited 1 branch of the dungeon, and saw 7 of its levels.

You collected 341 gold pieces.
You spent 66 gold pieces at shops.

Inventory:

Hand Weapons
 a - a +1 hand crossbow
 b - a +0 spear
 q - a +0 short sword of venom (weapon)
Missiles
 c - 57 bolts
 l - 9 silver bolts
Jewellery
 w - a cursed ring of resist corrosion (left hand)
 B - a cursed -2 ring of intelligence (right hand)
 D - an uncursed amulet of harm {unknown}
Wands
 u - a wand of disintegration (6/24)
 F - a wand of flame (12/48)
 H - a wand of lightning (7/15)
Scrolls
 e - 2 scrolls of amnesia {unknown}
 f - 11 scrolls of identify {unknown}
 h - 4 scrolls of enchant weapon {unknown}
 i - a scroll of blinking {unknown}
 j - 5 scrolls of remove curse {unknown}
 k - 2 scrolls of recharging {unknown}
 m - a scroll of immolation {unknown}
 n - 2 scrolls of magic mapping {unknown}
 o - 2 scrolls of noise {unknown}
 s - 2 scrolls of teleportation {unknown}
 t - 2 scrolls of fear {unknown}
 v - a scroll of enchant armour {unknown}
 y - a scroll of fog {unknown}
Potions
 g - 2 potions of degeneration
 p - a potion of lignification
 r - 5 potions of curing
 x - a potion of flight {unknown}
 z - a potion of brilliance {unknown}
 A - 2 potions of heal wounds {unknown}
 E - a potion of resistance {unknown}
 G - a potion of cancellation {unknown}
Books
 C - a book of Enchantments

   Spells                             Type                      Level
   a - Cause Fear                     Hexes                        4
   b - Yara's Violent Unravelling     Hexes/Transmutation          5
   c - Silence                        Hexes/Air                    5
   d - Deflect Missiles               Charms/Air                   6
   e - Haste                          Charms                       6
   f - Discord                        Hexes                        8
Comestibles
 d - 3 bread rations
 I - a slice of pizza


   Skills:
 + Level 6.2 Fighting
 + Level 4.8 Polearms
 * Level 7.9 Crossbows
 + Level 4.8 Dodging
 - Level 0.8 Stealth


You had 8 spell levels left.
You didn't know any spells.

Dungeon Overview and Level Annotations

Branches:
Dungeon (7/15)             Temple (0/1) D:6

Altars:
Kikubaaqudgha
Okawaru
Trog

Shops:
D:6 *!=%


Innate Abilities, Weirdness & Mutations

You can breathe bolts of dispelling energy.
Your rich purple scales are hard (AC +7).
Your body does not fit into most forms of armour.
You are cold-blooded and may be slowed by cold attacks.
You have very sharp teeth.
You have supernaturally acute eyesight.
You tend to lose your temper in combat.
You are clumsy. (Dex -2)
You are frail (-10% HP).
Your magical capacity is low (-10% MP).
Your natural rate of healing is unusually fast.
You expend magic power (3 MP) to strengthen your wands.


Message History

The warg bites you!
You closely miss the warg.
You tail-slap the warg, but do no damage.
The warg is moderately wounded.
The warg bites you but does no damage. The warg barely misses you.
You hit the warg.
The warg is heavily wounded.
The warg closely misses you.
You closely miss the warg. Your bite misses the warg.
The warg is heavily wounded.
The warg barely misses you.
You hit the warg.
The warg is heavily wounded.
The warg barely misses you. The warg bites you!
* * * LOW HITPOINT WARNING * * *
You are too injured to fight recklessly!
You completely miss the warg. Your bite misses the warg.
The warg is heavily wounded.
The warg bites you!
You die...

#.#####.##
.........#
#.#####.## .. #.
#.# ..# #. #.# )...
.. #.# ..##. #.#
.... #.# # #.. #@#
#.#.#..#####h#
.)....)o..(..####
....<...........##
..................#
≈≈≈≈≈≈≈≈≈≈≈≈≈≈...P#
≈≈≈≈≈≈≈≈≈≈≈≈≈≈....#
≈≈≈≈≈≈≈#####≈≈....#
....... ooo#≈≈....#


You could see a warg.

Vanquished Creatures
  Grinder (D:3)
  Eustachio (D:6)
  A warg (D:7)
  Edmund (D:5)
  2 ice beasts
  A black bear (D:6)
  2 sky beasts
  4 ogres
  The ghost of Amnesiac the Changer, an amateur OpTm (D:4)
  A giant frog (D:6)
  2 crimson imps
  2 giant frog zombies
  An orc priest (D:4)
  4 orc wizards
  3 worker ants
  A worker ant zombie (D:4)
  8 adders
  2 adder skeletons
  3 worms
  A giant gecko (D:1)
  10 orcs
  A bat zombie (D:6)
  6 giant cockroaches
  8 goblins
  8 hobgoblins
  A quokka (D:4)
  8 bats
  A giant gecko zombie (D:5)
  5 giant newts
  A jackal zombie (D:5)
  9 kobolds
  7 rats
  A rat zombie (D:6)
108 creatures vanquished.

Notes
Turn   | Place    | Note
--------------------------------------------------------------
     0 | D:1      | namelastname112 the Draconian Hunter began the quest for the Orb.
     0 | D:1      | Reached XP level 1. HP: 17/17 MP: 1/1
   281 | D:1      | Reached XP level 2. HP: 2/25 MP: 2/2
   887 | D:1      | Reached skill level 4 in Crossbows
  1125 | D:1      | Reached XP level 3. HP: 27/31 MP: 3/3
  1671 | D:2      | Reached XP level 4. HP: 34/38 MP: 4/4
  2647 | D:3      | Found an iron altar of Okawaru.
  2699 | D:3      | Became a worshipper of Warmaster Okawaru
  2906 | D:3      | Noticed Grinder
  2927 | D:3      | Killed Grinder
  2927 | D:3      | Reached * piety under Okawaru
  2927 | D:3      | Reached skill level 5 in Crossbows
  2927 | D:3      | Reached XP level 5. HP: 27/46 MP: 5/5
  2927 | D:3      | Reached XP level 6. HP: 30/52 MP: 6/6
  3559 | D:4      | Noticed Amnesiac's ghost (amateur OpTm)
  3571 | D:4      | Killed Amnesiac's ghost
  4303 | D:4      | Your scales start taking on a rich purple colour.
  4303 | D:4      | Reached XP level 7. HP: 32/59 MP: 7/7
  4723 | D:5      | Entered Level 5 of the Dungeon
  4727 | D:5      | Reached skill level 6 in Crossbows
  4842 | D:5      | Gained mutation: You have a pair of small antennae on your head. [mutagenic meat]
  4844 | D:5      | Gained mutation: You have supernaturally acute eyesight. [mutagenic meat]
  4845 | D:5      | Gained mutation: You are clumsy. (Dex -2) [mutagenic meat]
  4846 | D:5      | Gained mutation: Your magical capacity is low (-10% MP). [mutagenic meat]
  4847 | D:5      | Gained mutation: You expend magic power (3 MP) to strengthen your wands. [mutagenic meat]
  4853 | D:5      | Noticed Edmund
  4874 | D:5      | Killed Edmund
  4874 | D:5      | Reached ** piety under Okawaru
  5214 | D:5      | Found a bloodstained altar of Trog.
  5267 | D:6      | Found Keibinuw's Distillery.
  5278 | D:6      | Bought a potion of curing for 36 gold pieces
  5278 | D:6      | Bought a potion of mutation for 30 gold pieces
  5278 | D:6      | Gained mutation: Your natural rate of healing is unusually fast. [potion of mutation]
  5278 | D:6      | Gained mutation: You have very sharp teeth. [potion of mutation]
  5279 | D:6      | Gained mutation: You tend to lose your temper in combat. [potion of mutation]
  5279 | D:6      | Lost mutation: You have a pair of small antennae on your head. [potion of mutation]
  5279 | D:6      | Gained mutation: You are frail (-10% HP). [potion of mutation]
  5296 | D:6      | Noticed Eustachio
  5325 | D:6      | Reached skill level 5 in Fighting
  5361 | D:6      | Killed Eustachio
  5361 | D:6      | Reached XP level 8. HP: 33/61 MP: 7/7
  5534 | D:6      | Reached skill level 7 in Crossbows
  5561 | D:6      | Reached *** piety under Okawaru
  5735 | D:6      | Found Isitho Icwi's Food Emporium.
  5790 | D:6      | Found a staircase to the Ecumenical Temple.
  5927 | D:6      | Found Roxoat's Jewellery Emporium.
  5975 | D:6      | Found Ymeokum's Assorted Antiques.
  6082 | D:6      | Found an ancient bone altar of Kikubaaqudgha.
  6424 | D:7      | Reached XP level 9. HP: 47/67 MP: 8/8
  6442 | D:7      | Mangled by a warg

Vault maps used:
D:1:      dpeg_arrival_subterranean_lakeside_camping, kennysheep_flooded_box,
          minmay_fountain_box
D:2:      first_bread, serial_park_tiny_2, dk_noncrumbling_2,
          kennysheep_decorative_pillar, minmay_quantized
D:3:      okawaru_ov_weapons_minmay, uniq_grinder
D:5:      nicolae_overflow_hidden_temple, uniq_edmund
D:6:      lemuel_zombie_altar_kikubaaqudgha, minmay_temple_entry_nine_rooms,
          serial_shops, shop_coins, nicolae_shop_overgrown_old_shop,
          kennysheep_mini_moat, nicolae_shop_trees, minmay_misc_feat_columns,
          uniq_eustachio
D:7:      lemuel_castle_with_subvaults

Skill      XL: |  1  2  3  4  5  6  7  8 |
---------------+-------------------------+-----
Dodging        | 2 3 4 |  4.8
Crossbows      | 4 5 6 7 |  7.9
Fighting       | 3 4 5 6 |  6.2
Polearms       | 2 3 4 |  4.8
Stealth        | |  0.8

Action                   |  1- 3 |  4- 6 |  7- 9 || total
-------------------------+-------+-------+-------++-------
Melee: Short sword       |    72 |    47 |   214 ||   333
       Spear             |    70 |    97 |       ||   167
 Fire: Hand crossbow     |     4 |    31 |    26 ||    61
  Use: Potion            |       |     2 |     2 ||     4
 Stab: Sleeping          |     4 |     2 |       ||     6
       Distracted        |       |     1 |       ||     1
  Eat: Chunk             |     2 |     7 |     8 ||    17
       Pizza             |       |     1 |       ||     1
       Bread ration      |       |       |     1 ||     1
